| TOP OF THE 1ST |
|
Fresno State University Bulldogs batting - Pitching for Vanderbilt University Commodores : RHP Gabriel Marsh
|
|
Pitching: RHP Gabriel Marsh
|
|
|
Batting: RHB Sinfronio Carreon
|
0-0: Swinging Strike 0-1: Foul Ball, location: 2F 0-2: Foul Ball, location: 2F 0-2: Strikes out swinging
|
|
Batting: LHB Ollie Strauss
|
0-0: Ball 1-0: Ball 2-0: Foul Ball, location: 2F 2-1: DOUBLE (Line Drive, 7LM, EV 108.8 MPH)
|
|
Batting: SHB Carlton Stannard
|
0-0: Ball 1-0: Fly out, F5 (Popup, 25F, EV 81.9 MPH)
|
|
Batting: LHB Abraham Batista
|
0-0: Ball Wild Pitch! Ollie Strauss to third 1-0: Ground out U3 (Groundball, 34, EV 93.8 MPH)
|
| Top of the 1st over - 0 runs, 1 hit, 0 errors, 1 left on base; Fresno State University 0 - Vanderbilt University 0 |
| BOTTOM OF THE 1ST |
|
Vanderbilt University Commodores batting - Pitching for Fresno State University Bulldogs : RHP Alex Rojas
|
|
Pitching: RHP Alex Rojas
|
|
|
Batting: RHB Jose Ramos
|
0-0: Called Strike 0-1: Swinging Strike 0-2: Foul Ball, location: 2F 0-2: Foul Ball, location: 2F 0-2: Strikes out swinging
|
|
Batting: RHB Paul Johnson
|
0-0: Foul Ball, location: 2F 0-1: Ball 1-1: Called Strike 1-2: Foul Ball, location: 2F 1-2: Foul Ball, location: 2F 1-2: Ball 2-2: Ground out 5-3 (Groundball, 56, EV 107.5 MPH)
|
|
Batting: RHB Pakiana Kileona
|
0-0: Called Strike 0-1: Ball 1-1: Ground out 5-3 (Groundball, 56S, EV 81.2 MPH)
|
| Bottom of the 1st over - 0 runs, 0 hits, 0 errors, 0 left on base; Fresno State University 0 - Vanderbilt University 0 |
| TOP OF THE 2ND |
|
Fresno State University Bulldogs batting - Pitching for Vanderbilt University Commodores : RHP Gabriel Marsh
|
|
Batting: RHB Danilo Baldia
|
0-0: Ball 1-0: Ball 2-0: Ball 3-0: Called Strike 3-1: Foul Ball, location: 2F 3-2: Fly out, F9 (Flyball, 9, EV 87.5 MPH)
|
|
Batting: LHB Brad Benanti
|
0-0: Ball 1-0: Ball 2-0: Called Strike 2-1: Swinging Strike 2-2: Ball 3-2: Base on Balls
|
|
Batting: RHB Tony Nowak
|
0-0: Foul Ball, location: 2F 0-1: Grounds into double play, 6-4-3 (Groundball, 6, EV 83.1 MPH)
|
| Top of the 2nd over - 0 runs, 0 hits, 0 errors, 0 left on base; Fresno State University 0 - Vanderbilt University 0 |
| BOTTOM OF THE 2ND |
|
Vanderbilt University Commodores batting - Pitching for Fresno State University Bulldogs : RHP Alex Rojas
|
|
Batting: RHB Brad Nathan
|
0-0: Fly out, F9 (Line Drive, 9D, EV 93.8 MPH)
|
|
Batting: LHB Josh Jett
|
0-0: Ground out 1-3 (Groundball, 34S, EV 62.5 MPH)
|
|
Batting: SHB Adam Hoffman
|
0-0: Ground out 5-3 (Groundball, 5, EV 101.9 MPH)
|
| Bottom of the 2nd over - 0 runs, 0 hits, 0 errors, 0 left on base; Fresno State University 0 - Vanderbilt University 0 |
| TOP OF THE 3RD |
|
Fresno State University Bulldogs batting - Pitching for Vanderbilt University Commodores : RHP Gabriel Marsh
|
|
Batting: LHB Moktar Ame
|
0-0: Ball 1-0: Called Strike 1-1: Ball 2-1: Swinging Strike 2-2: Foul Ball, location: 2F 2-2: Ball 3-2: Base on Balls
|
|
Batting: RHB Ryan Roberts
|
0-0: Ball Moktar Ame steals 2nd base (no throw) 1-0: Ball 2-0: Called Strike 2-1: Swinging Strike 2-2: Fly out, F9 (Flyball, 9D, EV 93.1 MPH) Runner from 2nd tags up, SAFE at 3rd, no throw by RF
|
|
Batting: RHB Sinfronio Carreon
|
0-0: Foul Ball, location: 2F 0-1: Ball 1-1: Swinging Strike 1-2: Ball 2-2: Strikes out looking
|
|
Batting: LHB Ollie Strauss
|
0-0: Ball 1-0: Ball 2-0: Ground out 4-3 (Groundball, 4, EV 75.6 MPH)
|
| Top of the 3rd over - 0 runs, 0 hits, 0 errors, 1 left on base; Fresno State University 0 - Vanderbilt University 0 |
| BOTTOM OF THE 3RD |
|
Vanderbilt University Commodores batting - Pitching for Fresno State University Bulldogs : RHP Alex Rojas
|
|
Batting: SHB D.J. Davis
|
0-0: Called Strike 0-1: SINGLE (Groundball, 4S, EV 72.5 MPH) (infield hit)
|
|
Batting: SHB Paul Dupuis
|
0-0: Grounds into double play, 4-6-3 (Groundball, 4, EV 95.0 MPH)
|
|
Batting: RHB Eric Hays
|
0-0: Ball 1-0: Foul Ball, location: 2F 1-1: Ball 2-1: Ground out 6-3 (Groundball, 6, EV 85.6 MPH)
|
| Bottom of the 3rd over - 0 runs, 1 hit, 0 errors, 0 left on base; Fresno State University 0 - Vanderbilt University 0 |
| TOP OF THE 4TH |
|
Fresno State University Bulldogs batting - Pitching for Vanderbilt University Commodores : RHP Gabriel Marsh
|
|
Batting: SHB Carlton Stannard
|
0-0: Ground out 4-3 (Groundball, 4M, EV 84.4 MPH)
|
|
Batting: LHB Abraham Batista
|
0-0: Ball 1-0: Ball 2-0: Swinging Strike 2-1: Called Strike 2-2: Foul Ball, location: 2F 2-2: Ball 3-2: Base on Balls
|
|
Batting: RHB Danilo Baldia
|
0-0: Ball 1-0: Grounds into double play, 4-6-3 (Groundball, 4, EV 103.8 MPH)
|
| Top of the 4th over - 0 runs, 0 hits, 0 errors, 0 left on base; Fresno State University 0 - Vanderbilt University 0 |
| BOTTOM OF THE 4TH |
|
Vanderbilt University Commodores batting - Pitching for Fresno State University Bulldogs : RHP Alex Rojas
|
|
Batting: RHB Jose Ramos
|
0-0: Ball 1-0: Called Strike 1-1: Ball 2-1: Foul Ball, location: 2F 2-2: Fly out, F8 (Flyball, 8LM, EV 91.2 MPH)
|
|
Batting: RHB Paul Johnson
|
0-0: Called Strike 0-1: Ball 1-1: Swinging Strike 1-2: Ball 2-2: Reached via error on a dropped throw from 3B, E3 (Groundball, 56S, EV 88.1 MPH)
|
|
Batting: RHB Pakiana Kileona
|
0-0: Ball 1-0: Foul Ball, location: 2F 1-1: Grounds into double play, 5-4-3 (Groundball, 56S, EV 88.1 MPH)
|
| Bottom of the 4th over - 0 runs, 0 hits, 1 error, 0 left on base; Fresno State University 0 - Vanderbilt University 0 |
| TOP OF THE 5TH |
|
Fresno State University Bulldogs batting - Pitching for Vanderbilt University Commodores : RHP Gabriel Marsh
|
|
Batting: LHB Brad Benanti
|
0-0: Ball 1-0: Swinging Strike 1-1: Swinging Strike 1-2: Strikes out swinging
|
|
Batting: RHB Tony Nowak
|
0-0: TRIPLE (Flyball, 89XD, EV 95.6 MPH)
|
|
Batting: LHB Moktar Ame
|
0-0: Foul Ball, location: 2F 0-1: Ball 1-1: Ball 2-1: Ground out 6-3 (Groundball, 6M, EV 82.5 MPH) Tony Nowak scores
|
|
Batting: RHB Ryan Roberts
|
0-0: Ball 1-0: Ball 2-0: Ball 3-0: Base on Balls
|
|
Batting: RHB Sinfronio Carreon
|
0-0: Called Strike 0-1: Ground out 4-3 (Groundball, 4, EV 85.0 MPH)
|
| Top of the 5th over - 1 run, 1 hit, 0 errors, 1 left on base; Fresno State University 1 - Vanderbilt University 0 |
| BOTTOM OF THE 5TH |
|
Vanderbilt University Commodores batting - Pitching for Fresno State University Bulldogs : RHP Alex Rojas
|
|
Batting: RHB Brad Nathan
|
0-0: DOUBLE (Line Drive, 9LD, EV 99.4 MPH)
|
|
Batting: LHB Josh Jett
|
0-0: Called Strike 0-1: Ball 1-1: Called Strike 1-2: Ball 2-2: Strikes out swinging
|
|
Batting: SHB Adam Hoffman
|
0-0: Ball 1-0: Called Strike 1-1: Called Strike 1-2: Strikes out looking
|
|
Batting: SHB D.J. Davis
|
0-0: Called Strike 0-1: Ground out 6-3 (Groundball, 4M, EV 76.2 MPH)
|
| Bottom of the 5th over - 0 runs, 1 hit, 0 errors, 1 left on base; Fresno State University 1 - Vanderbilt University 0 |
| TOP OF THE 6TH |
|
Fresno State University Bulldogs batting - Pitching for Vanderbilt University Commodores : RHP Gabriel Marsh
|
|
Batting: LHB Ollie Strauss
|
0-0: Fly out, F8 (Flyball, 8RD, EV 98.8 MPH)
|
|
Batting: SHB Carlton Stannard
|
0-0: Fly out, F9 (Flyball, 9LM, EV 90.0 MPH)
|
|
Batting: LHB Abraham Batista
|
0-0: Called Strike 0-1: Ball 1-1: Ball 2-1: Ball 3-1: Base on Balls
|
|
Batting: RHB Danilo Baldia
|
0-0: Ball 1-0: Ball 2-0: Called Strike 2-1: Foul Ball, location: 2F 2-2: Foul Ball, location: 2F 2-2: Ball 3-2: Ground out 6-3 (Groundball, 6, EV 88.1 MPH)
|
| Top of the 6th over - 0 runs, 0 hits, 0 errors, 1 left on base; Fresno State University 1 - Vanderbilt University 0 |
| BOTTOM OF THE 6TH |
|
Vanderbilt University Commodores batting - Pitching for Fresno State University Bulldogs : RHP Alex Rojas
|
|
Batting: SHB Paul Dupuis
|
0-0: Swinging Strike 0-1: Hit by Pitch
|
|
Batting: RHB Eric Hays
|
0-0: Fly out, F8 (Flyball, 8RD, EV 86.9 MPH)
|
|
Batting: RHB Jose Ramos
|
0-0: Swinging Strike 0-1: Ball 1-1: Foul Ball, location: 2F 1-2: Ball 2-2: Strikes out looking
|
|
Batting: RHB Paul Johnson
|
0-0: Called Strike 0-1: Foul Ball, location: 2F 0-2: Ball 1-2: Ball 2-2: Foul Ball, location: 2F 2-2: SINGLE (Line Drive, 6D, EV 95.6 MPH) Paul Dupuis to second
|
|
Batting: RHB Pakiana Kileona
|
0-0: Foul Ball, location: 2F 0-1: Foul Ball, location: 2F 0-2: Strikes out looking
|
| Bottom of the 6th over - 0 runs, 1 hit, 0 errors, 2 left on base; Fresno State University 1 - Vanderbilt University 0 |
| TOP OF THE 7TH |
|
Fresno State University Bulldogs batting - Pitching for Vanderbilt University Commodores : RHP Gabriel Marsh
|
|
Pitching: LHP Ron Rubino
|
|
|
Batting: LHB Brad Benanti
|
0-0: Ball 1-0: Foul Ball, location: 2F 1-1: Foul Ball, location: 2F 1-2: Ball 2-2: SINGLE (Line Drive, 8RS, EV 97.5 MPH)
|
|
Pitching: LHP Kyle McGuire
|
|
|
Batting: RHB Tony Nowak
|
0-0: Ball 1-0: Sac Bunt to P - play at first, batter OUT! 1-3 Brad Benanti to second
|
|
Batting: LHB Moktar Ame
|
0-0: Ball 1-0: Ball 2-0: Ball 3-0: Base on Balls
|
|
Batting: RHB Ryan Roberts
|
0-0: Ball Wild Pitch! Brad Benanti to third Moktar Ame to second 1-0: Ball 2-0: Called Strike 2-1: Foul Ball, location: 2F 2-2: Ball 3-2: 3-RUN HOME RUN (Flyball, 8LXD, EV 111.9 MPH), Distance : 434 ft
|
|
Batting: RHB Sinfronio Carreon
|
0-0: Foul Ball, location: 2F 0-1: Swinging Strike 0-2: Ground out 5-3 (Groundball, 5S, EV 72.5 MPH)
|
|
Batting: LHB Ollie Strauss
|
0-0: Ball 1-0: Ball 2-0: Ball 3-0: Base on Balls
|
|
Pitching: RHP Milutin Mladjenovic
|
|
|
Batting: SHB Carlton Stannard
|
0-0: Ball 1-0: Ball 2-0: Ball 3-0: Called Strike 3-1: Base on Balls Ollie Strauss to second
|
|
Batting: LHB Abraham Batista
|
0-0: Fly out, F7 (Flyball, 78M, EV 85.0 MPH)
|
| Top of the 7th over - 3 runs, 2 hits, 0 errors, 2 left on base; Fresno State University 4 - Vanderbilt University 0 |
| BOTTOM OF THE 7TH |
|
Vanderbilt University Commodores batting - Pitching for Fresno State University Bulldogs : RHP Alex Rojas
|
|
Batting: RHB Brad Nathan
|
0-0: Ball 1-0: Ground out 6-3 (Groundball, 56, EV 90.0 MPH)
|
|
Batting: LHB Josh Jett
|
0-0: Called Strike 0-1: Foul Ball, location: 2F 0-2: Strikes out looking
|
|
Batting: SHB Adam Hoffman
|
0-0: Ball 1-0: Foul Ball, location: 2F 1-1: Fly out, F9 (Flyball, 9D, EV 85.0 MPH)
|
| Bottom of the 7th over - 0 runs, 0 hits, 0 errors, 0 left on base; Fresno State University 4 - Vanderbilt University 0 |
| TOP OF THE 8TH |
|
Fresno State University Bulldogs batting - Pitching for Vanderbilt University Commodores : RHP Milutin Mladjenovic
|
|
Pitching: RHP Elijah Ogletree
|
|
|
Batting: RHB Danilo Baldia
|
0-0: Ball 1-0: Called Strike 1-1: Ball 2-1: Ball 3-1: Foul Ball, location: 2F 3-2: Base on Balls
|
|
Batting: LHB Brad Benanti
|
0-0: Sac Bunt to 13S - play at first, batter OUT! 1-3 Danilo Baldia to second
|
|
Batting: RHB Tony Nowak
|
0-0: Ball 1-0: Ball 2-0: Called Strike 2-1: Ball 3-1: Foul Ball, location: 2F 3-2: Strikes out looking
|
|
Batting: LHB Moktar Ame
|
0-0: Fly out, F7 (Flyball, 7, EV 86.9 MPH)
|
| Top of the 8th over - 0 runs, 0 hits, 0 errors, 1 left on base; Fresno State University 4 - Vanderbilt University 0 |
| BOTTOM OF THE 8TH |
|
Vanderbilt University Commodores batting - Pitching for Fresno State University Bulldogs : RHP Alex Rojas
|
|
Batting: SHB D.J. Davis
|
0-0: Called Strike 0-1: Ball 1-1: Ground out 1-3 (Groundball, 13S, EV 66.9 MPH)
|
|
Batting: SHB Paul Dupuis
|
0-0: Ball 1-0: Foul Ball, location: 2F 1-1: Hit by Pitch
|
|
Pitching: RHP Antonio Levario
|
|
|
Batting: RHB Eric Hays
|
0-0: Called Strike 0-1: Foul Ball, location: 2F 0-2: Foul Ball, location: 2F 0-2: Foul Ball, location: 2F 0-2: 2-RUN HOME RUN (Flyball, 78XD, EV 109.4 MPH), Distance : 408 ft
|
|
Batting: RHB Jose Ramos
|
0-0: Fly out, F9 (Flyball, 9, EV 88.1 MPH)
|
|
Batting: RHB Paul Johnson
|
0-0: Ground out 5-3 (Groundball, 56S, EV 70.0 MPH)
|
| Bottom of the 8th over - 2 runs, 1 hit, 0 errors, 0 left on base; Fresno State University 4 - Vanderbilt University 2 |
| TOP OF THE 9TH |
|
Fresno State University Bulldogs batting - Pitching for Vanderbilt University Commodores : RHP Elijah Ogletree
|
|
Pitching: RHP Alex Guzman
|
|
|
Batting: RHB Ryan Roberts
|
0-0: Ball 1-0: Foul Ball, location: 2F 1-1: Ball 2-1: Ground out 5-3 (Groundball, 56, EV 103.8 MPH)
|
|
Batting: RHB Sinfronio Carreon
|
0-0: Swinging Strike 0-1: Bunted foul 0-2: Ball 1-2: Ground out 5-3 (Groundball, 56, EV 95.6 MPH)
|
|
Batting: LHB Ollie Strauss
|
0-0: Called Strike 0-1: Ground out 6-3 (Groundball, 6, EV 96.2 MPH)
|
| Top of the 9th over - 0 runs, 0 hits, 0 errors, 0 left on base; Fresno State University 4 - Vanderbilt University 2 |
| BOTTOM OF THE 9TH |
|
Vanderbilt University Commodores batting - Pitching for Fresno State University Bulldogs : RHP Antonio Levario
|
|
Pitching: RHP Milojica Mrdja
|
|
|
Batting: RHB Pakiana Kileona
|
0-0: Swinging Strike 0-1: Ball 1-1: Swinging Strike 1-2: Foul Ball, location: 2F 1-2: Strikes out swinging
|
|
Batting: RHB Brad Nathan
|
0-0: Fly out, F9 (Flyball, 9LS, EV 92.5 MPH)
|
|
Batting: LHB Josh Jett
|
0-0: Reached on error, E5 (Groundball, 56S, EV 86.2 MPH)
|
|
Batting: SHB Adam Hoffman
|
0-0: Swinging Strike 0-1: Swinging Strike 0-2: Ball 1-2: Strikes out swinging
|
| Bottom of the 9th over - 0 runs, 0 hits, 1 error, 1 left on base; Fresno State University 4 - Vanderbilt University 2 |
|